 Dungeon Crawl Stone Soup version 0.29.0-4-gdea44cf6ec (webtiles) character file.

Game seed: 12808692625523303636

18 qw the Chopper (level 2, -1/17 HPs)
             Began as a Tengu Warper on Aug 29, 2022.
             Succumbed to their own poison gas
             ... on level 1 of the Dungeon.
             The game lasted 00:00:11 (488 turns).

qw the Chopper (Tengu Warper)                        Turns: 488, Time: 00:00:12

Health: -1/17      AC:  3    Str: 11    XL:     2   Next: 70%
Magic:  6/6        EV: 11    Int: 13    God:
Gold:   43         SH:  0    Dex: 13    Spells: 5/5 levels left

rFire   . . .      SeeInvis .   Y - +0 hand axe
rCold   . . .      Faith    .   (no shield)
rNeg    . . .      Spirit   .   b - +0 leather armour
rPois   .          Reflect  .   (helmet restricted)
rElec   .          Harm     .   (no cloak)
rCorr   .          Rampage  .   (no gloves)
Will    .....                   (boots unavailable)
Stlth   +.........              (no amulet)
HPRegen 0.05/turn               (no ring)
MPRegen 0.10/turn               (no ring)

@: lethally poisoned (-1 -> -9)
A: beak, talons 3
a: no special abilities


You were on level 1 of the Dungeon.
You visited 1 branch of the dungeon, and saw 1 of its levels.

You collected 43 gold pieces.


Innate Abilities, Weirdness & Mutations

You have a beak for a mouth.
You have claws for feet.


   Skills:
 - Level 2.0 Fighting
 + Level 3.5 Axes
 - Level 1.0 Throwing
 - Level 1.1 Armour
 - Level 2.1 Dodging
 - Level 2.0 Spellcasting
 - Level 2.4 Translocations


You had 5 spell levels left.
You didn't know any spells.
Your spell library contained the following spells:

 Spells                   Type           Power      Damage    Failure   Level
 Blink                    Tloc           14%        N/A       19%         2
 Gell's Gravitas          Tloc           7%         N/A       36%         3
 Lesser Beckoning         Tloc           7%         N/A       36%         3
 Teleport Other           Tloc           7%         N/A       36%         3
 Manifold Assault         Tloc           7%         N/A       98%         5

Inventory:

Hand Weapons
 f - a +0 club
 Y - a +0 hand axe (weapon)
Missiles
 i - 3 boomerangs (quivered)
Armour
 b - a +0 leather armour (worn)
Potions
 g - a potion of magic {unknown}
 h - a potion of lignification {unknown}
 j - a potion of brilliance {unknown}
 l - a potion of ambrosia {unknown}

Dungeon Overview and Level Annotations

Branches:
Dungeon (1/15)

Altars:


Message History

479 ||| READING 3 scrolls labelled QINITAYMOU.
As you read the scroll labelled QINITAYMOU, it crumbles to dust.
You assume a fearsome visage.
Nothing appears to happen.
It was a scroll of fear.
Done exploring.
480 ||| READING scroll labelled BAIBOE CA GEA.
As you read the scroll labelled BAIBOE CA GEA, it crumbles to dust.
It is a scroll of identify.
Really abort (and waste the scroll)?
Done exploring.
481 ||| READING scroll labelled EXAK ZURET.
The air fills with toxic fumes!
As you read the scroll labelled EXAK ZURET, it crumbles to dust.
It was a scroll of poison.
Done exploring.
482 ||| DROPPING 2 scrolls of fear.
You drop 2 scrolls of fear.
Done exploring.
483 ||| DROPPING scroll of blinking.
You drop a scroll of blinking.
Done exploring.
(D) Dungeon
Where to? (* - list waypoints, ? - help)
What level of the Dungeon? (default 1, ? - help) Sorry, I don't know how to get there.
Done exploring.
484 ||| Stepping randomly (stuck).
Really walk into that cloud of poison gas?
You are engulfed in poison gas.
You are lethally poisoned!
You feel very sick.
You see here a giant cockroach corpse.
485 ||| Stepping ~*~*~tactically~*~*~ (cloud).
You feel very sick.
Things that are here:
a scroll of blinking; 2 scrolls of fear; a +1 robe of positive energy
There is a lethal amount of poison in your body!
You feel very sick.
There is a lethal amount of poison in your body!
You feel sick.
There is a lethal amount of poison in your body!
You die...

#....#######.#.##..###...#
..(####....###.###..##...#
...# #..%#.##.##.#......#
#### #...##.....#####...#
#...###...## #.¤.#
#...##.....#####¤###
#...#.##.##.#¤¤00#
#....###.###¤¤#### ######
#.#@¤¤¤# #.#¤#### #.0¤#
#####


There were no monsters in sight!

Vanquished Creatures
  A ball python (D:1)
  2 bats (D:1)
  2 endoplasms (D:1)
  3 giant cockroaches (D:1)
  2 goblins (D:1)
  A kobold (D:1)
  A frilled lizard (D:1)
  5 rats (D:1)
17 creatures vanquished.

Notes
Turn   | Place    | Note
-------+----------+-------------------------------------------
     0 | D:1      | qw the Tengu Warper began the quest for the Orb.
     0 | D:1      | Reached XP level 1. HP: 12/12 MP: 4/4
     0 | D:1      | 0 ||| qw: Version: 0.1-a-89-g26bdef1
     0 | D:1      | 0 ||| qw: Game counter: 3441
     0 | D:1      | 0 ||| qw: Always use a shield: true
     0 | D:1      | 0 ||| qw: God list: Okawaru
     0 | D:1      | 0 ||| qw: Allow faded altars: false
     0 | D:1      | 0 ||| qw: Do Orc after D:15 true
     0 | D:1      | 0 ||| qw: Do second Lair branch before Depths: true
     0 | D:1      | 0 ||| qw: Lair rune preference: random
     0 | D:1      | 0 ||| qw: Plans: Normal
     0 | D:1      | 0 ||| PLANNING D:1-11
    17 | D:1      | 17 ||| Stepping ~*~*~tactically~*~*~ (stealth).
   135 | D:1      | Reached XP level 2. HP: 17/17 MP: 6/6
   167 | D:1      | Reached skill level 3 in Axes
   478 | D:1      | 478 ||| DROPPING +1 robe of positive energy.
   479 | D:1      | 479 ||| READING 3 scrolls labelled QINITAYMOU.
   480 | D:1      | 480 ||| READING scroll labelled BAIBOE CA GEA.
   481 | D:1      | 481 ||| READING scroll labelled EXAK ZURET.
   482 | D:1      | 482 ||| DROPPING 2 scrolls of fear.
   483 | D:1      | 483 ||| DROPPING scroll of blinking.
   484 | D:1      | 484 ||| Stepping randomly (stuck).
   485 | D:1      | 485 ||| Stepping ~*~*~tactically~*~*~ (cloud).
   486 | D:1      | HP: 3/17 [poisoned by you (poison gas)]
   487 | D:1      | HP: 1/17 [poisoned by you (poison gas)]
   488 | D:1      | Succumbed to their own poison gas

Levels and vault maps discovered:
D:1:      beargit_arrival_greenhouse, layout_rooms, hex_intersection

Skill      XL: |  1  2 |
---------------+-------+-----
Axes           | 3 |  3.5
Fighting       | |  2.0
Throwing       | |  1.0
Armour         | |  1.1
Dodging        | |  2.1
Spellcasting   | |  2.0
Translocations | |  2.4

Action                   || total
-------------------------++-------
Melee: Hand axe          ||    18
       Kick              ||     4
       Peck              ||     1
Throw: Boomerang         ||    25
  Use: Scroll            ||     3
Armor: Leather armour    ||     9
Dodge: Dodged            ||    15

Table legend:
 A = Non-vault XP
 B = Vault XP
 C = Vault XP percentage of total XP
 D = Non-vault monster count
 E = Vault monster count
 F = Vault count percentage of total count
                 A         B        C        D         E       F
            +---------+---------+-------+---------+---------+-------
      Total |      27 |       0 |   0.0 |      17 |       0 |   0.0
            +---------+---------+-------+---------+---------+-------
        D:1 |      27 |       0 |   0.0 |      17 |       0 |   0.0
            +---------+---------+-------+---------+---------+-------
